 Dungeon Crawl Stone Soup version 0.29.1-15-g9cfb28693d (webtiles) character file.

Game seed: 7750101573402394439

347 jtron the Covered (level 6, -7/42 (47) HPs)
             Began as a Gnoll Wanderer on Mar 20, 2023.
             Mangled by Duvessa
             ... wielding a +0 short sword
              (10 damage)
             ... on level 4 of the Dungeon.
             The game lasted 00:09:13 (4106 turns).

jtron the Covered (Gnoll Wanderer)                  Turns: 4106, Time: 00:09:14

HP:   -7/42 (47)    AC:  8    Str: 10    XL:     6   Next: 59%
MP:   14/14         EV: 16    Int: 12    God:
Gold: 74            SH:  5    Dex: 14    Spells: 14/15 levels left

rFire   . . .      SeeInvis .   a - +4 hand axe
rCold   . . .      Faith    .   d - +0 buckler {AC+3}
rNeg    . . .      Spirit   .   h - +0 leather armour
rPois   .          Reflect  .   f - +0 helmet
rElec   .          Harm     .   (no cloak)
rCorr   .          Rampage  .   (no gloves)
Will    .....                   (no boots)
Stlth   ++........              (no amulet)
HPRegen 0.14/turn               k - +4 ring of evasion
MPRegen 0.14/turn               (no ring)

@: attractive, heavily drained, unable to read
A: fangs 1, strong nose, distributed training, inability to read after injury 1
a: no special abilities


You were on level 4 of the Dungeon.
You visited 1 branch of the dungeon, and saw 4 of its levels.

You collected 74 gold pieces.

Inventory:

Hand Weapons
 a - a +4 hand axe (weapon)
 b - a +0 sling of flaming
 n - a +0 dagger
 r - a +4 whip
Missiles
 g - 29 stones
 i - 2 poisoned darts (quivered)
 j - 5 curare-tipped darts
 q - a throwing net
Armour
 d - a +0 buckler of protection (worn)
 f - a +0 helmet (worn)
 h - a +0 leather armour (worn)
 w - an orb of mayhem
Jewellery
 k - a +4 ring of evasion (left hand)
Wands
 l - a wand of flame (18)
 s - a wand of iceblast (10)
Scrolls
 c - 2 scrolls of teleportation
 e - 2 scrolls of enchant weapon {unknown}
 m - a scroll of blinking {unknown}
 o - 6 scrolls of identify {unknown}
 p - a scroll of torment {unknown}
 x - a scroll of fog {unknown}
Potions
 t - a potion of magic {unknown}
 u - a potion of brilliance


   Skills:
 + Level 3.3 Fighting
 + Level 2.1 Short Blades
 + Level 2.1 Long Blades
 + Level 2.1 Axes
 + Level 2.1 Maces & Flails
 + Level 2.1 Polearms
 + Level 2.1 Staves
 + Level 2.1 Ranged Weapons
 + Level 2.1 Throwing
 + Level 6.9 Armour
 + Level 3.3 Dodging
 + Level 3.2 Stealth
 + Level 5.0 Shields
 + Level 2.1 Unarmed Combat
 + Level 5.4 Spellcasting
 + Level 1.6 Conjurations
 + Level 1.6 Hexes
 + Level 1.6 Summonings
 + Level 1.6 Necromancy
 + Level 1.6 Translocations
 + Level 1.6 Transmutations
 + Level 1.6 Fire Magic
 + Level 1.6 Ice Magic
 + Level 1.6 Air Magic
 + Level 1.6 Earth Magic
 + Level 1.6 Poison Magic
 + Level 2.3 Invocations
 + Level 2.1 Evocations


You had 14 spell levels left.
You knew the following spells:

 Your Spells              Type           Power      Damage    Failure   Level
a - Sting                 Tmut/Pois      28%        1d4       16%         1

Your spell library contained the following spells:

 Spells                   Type           Power      Damage    Failure   Level
 Ensorcelled Hibernation  Hex/Ice        14%        N/A       24%         2
 Sublimation of Blood     Necr           7%         N/A       24%         2
 Wereblood                Tmut           7%         N/A       24%         2
 Mephitic Cloud           Conj/Pois/Air  7%         N/A       43%         3
 Spider Form              Tmut/Pois      7%         N/A       43%         3
 Anguish                  Hex/Necr       3%         N/A       85%         4
 Summon Hydra             Summ           3%         N/A       100%        7


Dungeon Overview and Level Annotations

Branches:
Dungeon (4/15)
 Temple: D:4-7

Altars:
Elyvilon
Xom

Shops:
D:1 [=(*   D:2 (

Annotations:
D:2 Natasha
D:4 Duvessa


Innate Abilities, Weirdness & Mutations

You have very sharp teeth.
Your uncanny sense of smell can sniff out nearby items.
Your experience applies equally to all skills.
You occasionally lose the ability to read scrolls when taking damage.


Message History

Duvessa attacks as you move away! Duvessa hits you with a +0 short sword.
Duvessa attacks as you move away! Duvessa hits you with a +0 short sword!
You block Duvessa's attack.
There is a stone staircase leading up here.
You hit Duvessa.
Duvessa is almost dead.
Duvessa misses you. You block Duvessa's attack.
You barely miss Duvessa.
Duvessa is almost dead.
Duvessa misses you. You block the water moccasin's attack.
You block Duvessa's attack.
You barely miss Duvessa. You bite Duvessa, but do no damage.
Duvessa is almost dead.
You hit the goblin.
You kill the goblin!
You hit the water moccasin.
The water moccasin bites you but does no damage.
Duvessa hits you with a +0 short sword.
The water moccasin bites you but does no damage.
It was a potion of attraction.
You feel attractive to monsters. Duvessa barely misses you.
The water moccasin barely misses you. Duvessa hits you with a +0 short sword!
You feel threatened and lose the ability to read scrolls!
You hit Duvessa but do no damage.
Duvessa is severely wounded.
You closely miss the water moccasin. Duvessa hits you with a +0 short sword.
* * * LOW HITPOINT WARNING * * *
The water moccasin bites you but does no damage.
Duvessa closely misses you. You block the water moccasin's attack.
You closely miss Duvessa.
Duvessa is severely wounded.
You hit the water moccasin. You block Duvessa's attack.
The water moccasin bites you.
* * * LOW HITPOINT WARNING * * *
You block Duvessa's attack. You block the water moccasin's attack.
You hit Duvessa.
Duvessa is almost dead.
You hit the water moccasin. Duvessa hits you with a +0 short sword!
You die...

#...............# ##
#....)..$........##.
##.> ........ #....
... .... ....#..<.
##.###.### #.......
#....†...# #....###
#....##.### ##... #
#..#e)#..... #[. #
...#.##@S...........
# #......#.#........
. ##......##....###.
. #......# ..... ∆
###...## .....###...
##... ...#...# #...
.###......# #...
.........># # .....
.......†..#^#


You could see Duvessa (berserk) and a water moccasin.

Vanquished Creatures
  Dowan (D:4)
  Ijyb (D:3)
  Natasha (twice) (D:2)
  2 orc wizards (D:3)
  Terence (D:3)
  Robin (D:2)
  4 gnolls (D:2)
  An adder (D:4)
  2 worms
  3 orcs (D:3)
  10 ball pythons
  8 bats
  7 endoplasms
  A giant cockroach (D:2)
  11 goblins
  12 hobgoblins
  5 jackals
  5 frilled lizards
  6 kobolds
  7 rats
90 creatures vanquished.

Notes
Turn   | Place    | Note
-------+----------+-------------------------------------------
     0 | D:1      | jtron the Gnoll Wanderer began the quest for the Orb.
     0 | D:1      | jtron set off with the following items: a +0 dagger, a +0
                  | ring mail, a scroll of teleportation, a +0 buckler of
                  | protection; and the following spell memorised: Sting; and
                  | the following spells available to memorise: Mephitic Cloud.
     0 | D:1      | Reached XP level 1. HP: 17/17 MP: 6/6
    20 | D:1      | Found Woraryn's General Store.
   253 | D:1      | Reached XP level 2. HP: 11/23 MP: 7/7
   842 | D:1      | Found Bomob Bed's Armour Emporium.
   944 | D:1      | Found Extu's Jewellery Emporium.
   973 | D:1      | Reached skill level 5 in Spellcasting
   973 | D:1      | Reached XP level 3. HP: 28/28 MP: 7/9
  1137 | D:1      | Found Pesiezuch's Weapon Emporium.
  1229 | D:1      | Reached skill level 1 in Invocations
  1354 | D:2      | Found a white marble altar of Elyvilon.
  1448 | D:2      | Noticed Robin
  1449 | D:2      | Noticed Natasha
  1464 | D:2      | Gained mutation: Potions are less effective at restoring
                  | your health. [potion of mutation]
  1464 | D:2      | Gained mutation: Your body sometimes deteriorates upon
                  | taking damage. [potion of mutation]
  1464 | D:2      | Gained mutation: You have sharp toenails. [potion of
                  | mutation]
  1469 | D:2      | Reached skill level 1 in Short Blades
  1469 | D:2      | Reached skill level 1 in Long Blades
  1469 | D:2      | Reached skill level 1 in Axes
  1469 | D:2      | Reached skill level 1 in Maces & Flails
  1469 | D:2      | Reached skill level 1 in Polearms
  1469 | D:2      | Reached skill level 1 in Staves
  1469 | D:2      | Reached skill level 1 in Ranged Weapons
  1469 | D:2      | Reached skill level 1 in Throwing
  1469 | D:2      | Reached skill level 1 in Unarmed Combat
  1469 | D:2      | Reached skill level 1 in Evocations
  1477 | D:2      | Lost mutation: Potions are less effective at restoring your
                  | health. [potion of mutation]
  1477 | D:2      | Lost mutation: You have sharp toenails. [potion of
                  | mutation]
  1477 | D:2      | Lost mutation: Your body sometimes deteriorates upon taking
                  | damage. [potion of mutation]
  1477 | D:2      | Gained mutation: You occasionally lose the ability to read
                  | scrolls when taking damage. [potion of mutation]
  1488 | D:2      | Killed Natasha
  1489 | D:2      | Reached XP level 4. HP: 23/34 MP: 11/11
  1499 | D:2      | Reached skill level 1 in Conjurations
  1499 | D:2      | Reached skill level 1 in Hexes
  1499 | D:2      | Reached skill level 1 in Summonings
  1499 | D:2      | Reached skill level 1 in Necromancy
  1499 | D:2      | Reached skill level 1 in Translocations
  1499 | D:2      | Reached skill level 1 in Transmutations
  1499 | D:2      | Reached skill level 1 in Fire Magic
  1499 | D:2      | Reached skill level 1 in Ice Magic
  1499 | D:2      | Reached skill level 1 in Air Magic
  1499 | D:2      | Reached skill level 1 in Earth Magic
  1499 | D:2      | Reached skill level 1 in Poison Magic
  1526 | D:2      | Killed Robin
  1829 | D:2      | Found a faded altar of an unknown god.
  1984 | D:2      | Reached XP level 5. HP: 32/40 MP: 12/12
  2084 | D:2      | Found Baesov's Antique Weapon Shoppe.
  2144 | D:3      | Noticed Ijyb
  2189 | D:2      | Noticed Natasha
  2201 | D:2      | Killed Natasha
  2295 | D:2      | Noticed Natasha
  2508 | D:3      | Killed Ijyb
  2758 | D:3      | Found a shimmering altar of Xom.
  2847 | D:3      | Noticed Terence
  2870 | D:3      | Killed Terence
  2871 | D:3      | Reached XP level 6. HP: 39/47 MP: 13/13
  3278 | D:3      | Reached skill level 5 in Shields
  3579 | D:3      | Found a shimmering altar of Xom.
  3992 | D:4      | Noticed a water moccasin
  4087 | D:4      | Noticed Dowan
  4089 | D:4      | Noticed Duvessa
  4090 | D:4      | Killed Dowan
  4106 | D:4      | Mangled by Duvessa

Illustrated notes

Levels and vault maps discovered:
D:1:      dpeg_arrival_boxorama, layout_basic, serial_shops, shop, shop, shop,
          shop
D:2:      layout_rooms, hellmonk_ecumenical_altar_run_dry, serial_shops,
          nicolae_square_shop, basic_altar, grunt_decor_resistance,
          item_on_display_a, uniq_natasha, uniq_robin
D:3:      layout_basic, mainiacjoe_overflow_tiny_flanked,
          kennysheep_small_spiral, uniq_ijyb, uniq_terence
D:4:      layout_cave_pools, nemelex_dance_club_becter, fedhas_ov_isle_minmay,
          uniq_duvessa

Skill      XL: |  1  2  3  4  5  6 |
---------------+-------------------+-----
Spellcasting   | 5 |  5.4
Invocations    | 1 2 |  2.3
Short Blades   | 1 2 |  2.1
Long Blades    | 1 2 |  2.1
Axes           | 1 2 |  2.1
Maces & Flails | 1 2 |  2.1
Polearms       | 1 2 |  2.1
Staves         | 1 2 |  2.1
Ranged Weapons | 1 2 |  2.1
Throwing       | 1 2 |  2.1
Unarmed Combat | 1 2 |  2.1
Evocations     | 1 2 |  2.1
Conjurations   | 1 |  1.6
Hexes          | 1 |  1.6
Summonings     | 1 |  1.6
Necromancy     | 1 |  1.6
Translocations | 1 |  1.6
Transmutations | 1 |  1.6
Fire Magic     | 1 |  1.6
Ice Magic      | 1 |  1.6
Air Magic      | 1 |  1.6
Earth Magic    | 1 |  1.6
Poison Magic   | 1 |  1.6
Fighting       | 3 |  3.3
Dodging        | 3 |  3.3
Stealth        | 3 |  3.2
Shields        | 5 |  5.0
Armour         | |  6.9

Action                   |  1- 3 |  4- 6 || total
-------------------------+-------+-------++-------
Melee: Dagger            |   145 |       ||   145
       Bite              |    13 |    18 ||    31
       Whip              |    38 |    76 ||   114
       Kick              |     3 |       ||     3
       Hand axe          |       |    57 ||    57
 Fire: Sling             |       |    50 ||    50
Throw: Dart              |     2 |       ||     2
       Stone             |     1 |       ||     1
Evoke: Wand              |     3 |     8 ||    11
  Use: Potion            |     2 |     5 ||     7
 Stab: Sleeping          |     2 |       ||     2
Armor: Ring mail         |     8 |       ||     8
       Leather armour    |    39 |    40 ||    79
Dodge: Dodged            |   134 |    76 ||   210
Block: Buckler           |    39 |    42 ||    81
